 Dungeon Crawl Stone Soup version 0.14.1-18-g0856e53 (webtiles) character file.

211 Konstantin the Vexing (level 4, -8/21 HPs)
             Began as a Vine Stalker Enchanter on June 3, 2014.
             Mangled by a gnoll
             ... wielding a +2,+0 halberd
              (9 damage)
             ... on Level 2 of the Dungeon.
             The game lasted 00:24:42 (2330 turns).

Konstantin the Vexing (Vine Stalker Enchanter)      Turns: 2330, Time: 00:24:42

HP  -8/21        AC  3     Str 11      XL: 4   Next: 49%
MP   0/9         EV 18     Int 16      God:
Gold 125         SH  0     Dex 19      Spells:  3 memorised,  3 levels left

rFire  . . .     SeeInvis .     a - +1 dagger
rCold  . . .     Clarity  .     b - +1 robe
rNeg   . . .     Conserve .     (no shield)
rPois  .         rCorr    .     (no helmet)
rElec  .         rRot     +     (no cloak)
SustAb . .       Spirit   +     (no gloves)
rMut   .         Warding  .     (no boots)
Saprov . . .     Stasis   .     (no amulet)
MR     .....                    (no ring)
                                t - +0,+7 ring of slaying

@: agile, very slightly contaminated, bonded with blade, not resistant to
hostile enchantments, quite stealthy
A: fangs 2, regeneration 1, magic shield, antimagic bite, no device heal
a: no special abilities


You were on level 2 of the Dungeon.
You were not hungry.

You visited 1 branch of the dungeon, and saw 2 of its levels.

You collected 125 gold pieces.

Inventory:

Hand weapons
 a - a +1,+1 dagger (weapon)
Missiles
 d - 17 darts (quivered)
Armour
 b - a +1 robe (worn)
Comestibles
 f - 3 bread rations
Scrolls
 e - a scroll of identify
 h - a scroll of remove curse
 i - 2 scrolls of enchant weapon I {unknown}
 l - a scroll of fear {unknown}
 o - a scroll of blinking {unknown}
Jewellery
 t - a +0,+7 ring of slaying (left hand)
Potions
 m - a potion of poison
 n - 3 potions of brilliance
Books
 c - a book of Maledictions

   Spells                             Type                      Level
   *Corona                            Hexes                        1
   *Sure Blade                        Hexes/Charms                 2
   *Ensorcelled Hibernation           Hexes/Ice                    2
   Confuse                            Hexes                        3
   Enslavement                        Hexes                        4
   Invisibility                       Hexes                        6


   Skills:
 * Level 0.6 Fighting
 * Level 1.4 Short Blades
 - Level 0.8 Throwing
 * Level 2.2 Dodging
 + Level 2.8 Stealth
 * Level 2.9 Spellcasting
 * Level 3.5 Hexes
 + Level 0.4 Ice Magic


You had 3 spell levels left.
You knew the following spells:

 Your Spells              Type           Power        Failure   Level  Hunger
a - Corona                Hex            ##.....      6%          1    #......
b - Ensorcelled Hibernat  Hex/Ice        #.....       14%         2    ##.....
c - Sure Blade            Hex/Chrm       #.........   17%         2    ##.....


Dungeon Overview and Level Annotations

Branches:
Dungeon (2/15)

Altars:


Innate Abilities, Weirdness & Mutations

You are immune to rotting.
You have extremely sharp teeth.
Your natural rate of healing is unusually fast.
When hurt, damage is shared between your health and your magic reserves.
Your bite disrupts and absorbs the magic of your enemies.
Potions and wands cannot restore your HP.


Message History

The hound bites you but does no damage. The gnoll barely misses you.
The hound bites you.
You hit the hound. Your bite misses the hound.
The hound is heavily wounded.
The hound bites you.
You hit the hound. You bite the hound. You drain its power.
You feel invigorated.
You kill the hound!
Your Dodging skill increases to level 2!
You have reached level 4!
You feel stronger.
The gnoll hits you from afar with a halberd!
The hound bites you. The hound bites you.
* * * LOW HITPOINT WARNING * * *
You feel agile all of a sudden. The hound bites you.
* * * LOW HITPOINT WARNING * * *
The gnoll hits you from afar with a halberd!
You die...

+...........# #.....
#######...........####.....
#..........>......'..'.....
#.##..#####.##....####.....
#.##..#...#.##....# ####..
#####.##..#.#.#.####### #..
#.....##..#.#.#.### ###
###.....##..#.#.#...####
........+.......@hg....#
###.....##....##..P.P..#
#######
#.............###%#######......
########.#....# '...#..........
#....#####...#..........
###..### '...#..........
#....#######.......###
#.####.#####.......# #.#
#.#...#.......#


You could see a hound and a gnoll.

Vanquished Creatures
  A hound (D:2)
  A giant mite (D:1)
  A worm (D:2)
  2 giant geckos (D:2)
  10 goblins
  2 hobgoblins
  6 jackals (D:2)
  A kobold (D:1)
  A ball python (D:1)
  10 bats
  3 giant cockroaches
  2 giant newts (D:1)
  3 rats
43 creatures vanquished.

Notes
Turn   | Place    | Note
--------------------------------------------------------------
     0 | D:1      | Konstantin, the Vine Stalker Enchanter, began the quest for the Orb.
     0 | D:1      | Reached XP level 1. HP: 9/9 MP: 3/3
   237 | D:1      | Reached skill level 1 in Short Blades
   433 | D:1      | Reached XP level 2. HP: 13/13 MP: 4/6
   455 | D:1      | Learned a level 2 spell: Ensorcelled Hibernation
   458 | D:1      | Learned a level 2 spell: Sure Blade
  1004 | D:1      | Reached XP level 3. HP: 16/16 MP: 7/7
  2326 | D:2      | Reached XP level 4. HP: 12/21 MP: 3/9
  2329 | D:2      | HP: 1/21 [hound (3)]
  2330 | D:2      | Mangled by a gnoll

Action                   |  1- 3 |  4- 6 || total
-------------------------+-------+-------++-------
Melee: Dagger            |   134 |       ||   134
Throw: Dart              |     1 |       ||     1
 Cast: Corona            |    14 |       ||    14
       Ensorcelled Hiber |    14 |       ||    14
       Sure Blade        |     1 |       ||     1
  Use: Scroll            |     6 |       ||     6
       Potion            |     3 |     1 ||     4
 Stab: Sleeping          |     9 |       ||     9
